AoeStats
← christoph_dixi

Four Lakes

510142200Analyzed
1v1 RM · 2d ago on Sep 29, 2026· 18m 20s· 2 players
Game mode
Random Map
Map size
Tiny (2 player)
Population
200
Speed
Normal
Resources
Standard
Victory
Conquest
Starting age
Dark Age
Ending age
Imperial Age
RankedLock teamsTeams togetherTeam positionsShared explorationLock speedFull tech treeHidden civsTurbo modeCheats
Victory
Defeat
🇩🇪 Spanish · Germany
927
+14
🇹🇼 Huns · Taiwan
889
-14
watchout0723
2:34 Loom
10:59 Feudal Age
11:47 Double-Bit Axe
14:09 Fishing Lines
20:21 Castle Age
christoph_dixi
10:14 Feudal Age
10:16 Loom
14:02 Castle Age
Connection lost

Rejoining the realm…

Still unreachable

The connection could not be restored.

Session expired

The server has moved on; the page needs a fresh start.